 Dungeon Crawl Stone Soup version 0.28-a0-514-g0d7ab7f379 (webtiles) character file.

Game seed: 14488244949805896173

104 willcat the Sneak (level 4, -3/31 HPs)
             Began as an Octopode Delver on Sept 22, 2021.
             Slain by a vampire mosquito (12 damage)
             ... on level 6 of the Dungeon.
             The game lasted 00:00:58 (385 turns).

willcat the Sneak (Octopode Delver)                  Turns: 385, Time: 00:00:58

Health: -3/31      AC:  1    Str: 11    XL:     4   Next: 80%
Magic:  4/4        EV: 14    Int: 13    God:
Gold:   5          SH:  0    Dex: 13    Spells: 3/3 levels left

rFire   . . .      SeeInvis .   a - +1 short sword
rCold   . . .      Faith    .   (no shield)
rNeg    . . .      Spirit   .   (helmet restricted)
rPois   .          Reflect  .   (no amulet)
rElec   .          Harm     .   (no ring)
rCorr   .          Rampage  .   (no ring)
Will    .....                   (no ring)
Stlth   +++++.....              (no ring)
HPRegen 0.10/turn               (no ring)
MPRegen 0.09/turn               (no ring)
                                (no ring)
                                (no ring)

@: no status effects
A: almost no armour, amphibious, 8 rings, camouflage 1, gelatinous body 1,
(nimble swimmer 1), tentacles
a: no special abilities


You were on level 6 of the Dungeon.
You visited 1 branch of the dungeon, and saw 2 of its levels.

You collected 5 gold pieces.

Inventory:

Hand Weapons
 a - a +1 short sword (weapon)
Wands
 f - a wand of digging (2)
Scrolls
 b - a scroll of fog
 c - a scroll of magic mapping
Potions
 e - a potion of haste


   Skills:
 - Level 3.0 Fighting
 + Level 3.2 Short Blades
 + Level 3.2 Dodging
 + Level 7.5 Stealth


You had 3 spell levels left.
You didn't know any spells.
Your spell library was empty.

Dungeon Overview and Level Annotations

Branches:
Dungeon (6/15)
 Temple: D:4-7

Altars:


Innate Abilities, Weirdness & Mutations

You cannot wear most types of armour.
You are amphibious.
You can wear up to eight rings at the same time.
Your skin changes colour to match your surroundings (Stealth+).
Your rubbery body absorbs attacks. (AC +1, EV +1)
((You are camouflaged near water. (Stealth+)))
You have tentacles for arms and can constrict up to eight enemies at once.


Message History

There is a stone staircase leading up here.
Unknown command.
You hit the quokka. Your grab misses the quokka. You squeeze the quokka.
You kill the quokka!
Found 5 gold pieces.
You start resting.
HP restored.
A centaur comes into view.
Found a smoky golden potion.
You now have 5 gold pieces.
An orc warrior comes into view. It is wielding a +0 glaive.
Found a manual of Stealth.
The centaur shouts!
You hear an angry buzzing noise.
You hear a shout!
A vampire mosquito comes into view.
The centaur wields a +0 shortbow.
The centaur shoots an arrow.
The arrow closely misses you.
The centaur shoots an arrow.
The arrow misses you.
The vampire mosquito closely misses you.
As you read the scroll of fear, it crumbles to dust.
You assume a fearsome visage.
The vampire mosquito is unaffected.
The orc warrior looks frightened!
The centaur looks frightened!
The centaur wails, "Oh dear!
Oh dear!"
The vampire mosquito bites you!
The vampire mosquito draws strength from your injuries!
Unknown command.
The vampire mosquito bites you.
The vampire mosquito draws strength from your injuries!
A water moccasin zombie comes into view.
As you read the scroll labelled QYQUSO TECVUUN, it crumbles to dust.
It is a scroll of enchant weapon.
Your +0 short sword glows red for a moment.
The vampire mosquito bites you!
* * * LOW HITPOINT WARNING * * *
The vampire mosquito draws strength from your injuries!
A gnoll sergeant comes into view. It is wielding a +0 spear.
The vampire mosquito closely misses you.
Unknown command.
Unknown command.
The vampire mosquito bites you!
You die...

#.. #.. .# #..# #.#
#.# #...###:# #..# #..
g#y# #...# #..
..###....#
#..#...#....###
#...###...!....
###....y########
#########....#@.......
......................
....##...####.##.####
. #.### #.# # #.# #.#
#.# ..# #.# ### #<#
.........#


You could see a vampire mosquito and a gnoll sergeant.

Vanquished Creatures
  A water moccasin (D:5)
  A quokka (D:6)
2 creatures vanquished.

Notes
Turn   | Place    | Note
-------+----------+-------------------------------------------
     0 | D:5      | willcat the Octopode Delver began the quest for the Orb.
     0 | D:5      | Reached XP level 1. HP: 16/16 MP: 1/1
    55 | D:5      | Noticed a phantom
    91 | D:5      | Noticed a water moccasin
    98 | D:5      | Killed a water moccasin
    99 | D:5      | Reached skill level 7 in Stealth
    99 | D:5      | Reached XP level 2. HP: 15/21 MP: 2/2
    99 | D:5      | Reached XP level 3. HP: 19/26 MP: 3/3
    99 | D:5      | Reached XP level 4. HP: 23/31 MP: 4/4
   369 | D:6      | Noticed a centaur
   374 | D:6      | Noticed an orc warrior
   378 | D:6      | Noticed a vampire mosquito
   384 | D:6      | Noticed a gnoll sergeant
   385 | D:6      | Slain by a vampire mosquito

Illustrated notes

Levels and vault maps discovered:
D:5:      layout_layer_cave, mainiacjoe_overflow_paths
D:6:      layout_basic, minmay_temple_entry_gardened_gates, st_stairs_1,
          minmay_manual_mail

Skill      XL: |  1 |
---------------+----+-----
Short Blades   | 3 |  3.2
Dodging        | 3 |  3.2
Stealth        | 7 |  7.5
Fighting       | |  3.0

Action                   |  1- 3 |  4- 6 || total
-------------------------+-------+-------++-------
Melee: Short sword       |     2 |     1 ||     3
       Tentacles         |     1 |     1 ||     2
       Constrict         |     1 |       ||     1
Evoke: Wand              |       |     1 ||     1
  Use: Scroll            |       |     2 ||     2
       Potion            |       |     1 ||     1
 Stab: Sleeping          |     1 |       ||     1
Dodge: Dodged            |     2 |    11 ||    13

Table legend: (Time is in decaauts)
 A = Elapsed time spent in this place.
 B = Non-inter-level travel time spent in this place.
 C = Inter-level travel time spent in this place.
 D = Time resting spent in this place.
 E = Time spent auto-exploring this place.
 F = Levels seen in this place.
 G = Mean time per level.
                   A        B        C        D        E       F      G
               +--------+--------+--------+--------+--------+-----+--------+
         Total |    384 |    384 |      0 |    208 |     56 |   2 |  192.0 |
       Dungeon |    384 |    384 |      0 |    208 |     56 |   2 |  192.0 |
               +--------+--------+--------+--------+--------+-----+--------+

Top non-repeatable levels by time:
     D:6: 231 daAuts
     D:5: 153 daAuts
